 Dungeon Crawl Stone Soup version 0.27.1-33-g824d729ab1 (webtiles) character file.

Game seed: 2088001495798828116

254 mcbry74 the Cudgeller (level 5, -7/48 HPs)
             Began as a Troll Gladiator on Dec 29, 2021.
             Was a Plaything of Xom.
             Mangled by a gnoll (12 damage)
             ... on level 3 of the Dungeon.
             The game lasted 00:09:21 (2468 turns).

mcbry74 the Cudgeller (Troll Gladiator)             Turns: 2468, Time: 00:09:22

Health: -7/48      AC:  4    Str: 23    XL:     5   Next: 90%
Magic:  4/4        EV: 10    Int:  4    God:    Xom [*.....]
Gold:   125        SH:  0    Dex: 11    Spells: 4/4 levels left

rFire    . . .     SeeInvis .   j - +0 flail
rCold    . . .     Faith    .   (no shield)
rNeg     . . .     Spirit   .   b - +0 robe
rPois    .         Reflect  .   c - +0 hat
rElec    .         Harm     .   (no cloak)
rCorr    .         Rampage  .   (gloves unavailable)
Will     .....                  (boots unavailable)
Stlth    +.........             (no amulet)
HPRegen  1.16/turn              (no ring)
MPRegen  0.09/turn              (no ring)

@: lethally poisoned (-7 -> -7)
A: large, unfitting armour, claws 3, regeneration 1, shaggy fur 1, tough skin 1
a: Renounce Religion


You were on level 3 of the Dungeon.
You worshipped Xom.
You were a special plaything of Xom.
You visited 1 branch of the dungeon, and saw 3 of its levels.

You collected 125 gold pieces.

Inventory:

Hand Weapons
 a - a +0 hunting sling
 j - a +0 flail (weapon)
Missiles
 d - 2 throwing nets (quivered)
 g - 30 sling bullets
Armour
 b - a +0 robe (worn)
 c - a +0 hat (worn)
 f - a +0 kite shield
Jewellery
 k - a ring of fire
Wands
 o - a wand of iceblast (8)
Scrolls
 i - 3 scrolls of identify {unknown}
Potions
 e - 2 potions of degeneration {unknown}
 h - 2 potions of heal wounds {unknown}
 l - a potion of might {unknown}
 m - a potion of curing {unknown}
 n - a potion of attraction {unknown}


   Skills:
 - Level 1.5 Fighting
 + Level 6.1 Maces & Flails
 - Level 1.7 Throwing
 - Level 2.4 Dodging


You had 4 spell levels left.
You didn't know any spells.
Your spell library contained the following spells:

 Spells                   Type           Power      Damage    Failure   Level
 Sandblast                Erth           0%         2d4       50%         1
 Passwall                 Tmut/Erth      0%         N/A       65%         2
 Lee's Rapid Deconstruct  Erth           0%         3d5*      100%        5


Dungeon Overview and Level Annotations

Branches:
Dungeon (3/15)

Altars:
Makhleb
Sif Muna
Xom

Shops:
D:1 [   D:3 ?


Innate Abilities, Weirdness & Mutations

You are too large for most types of armour.
You have claws for hands.
Your natural rate of healing is unusually fast.
You are covered in fur. (AC +1)
You have tough skin. (AC +1)


Message History

Your Maces & Flails skill increases to level 6!
The gnoll barely misses you.
Things that are here:
a +0 halberd; a throwing net; a gnoll corpse The gnoll shouts!
You hit the gnoll.
The gnoll is lightly wounded.
The gnoll misses you.
You hit the gnoll.
The gnoll is heavily wounded.
The gnoll closely misses you.
You barely miss the gnoll.
The gnoll is heavily wounded.
The gnoll barely misses you.
You closely miss the gnoll.
The gnoll is heavily wounded.
The gnoll hits you with a +0 halberd!
You sock the gnoll!
You kill the gnoll!
The adder bites you.
You miss the adder.
The gnoll hits you from afar with a +0 halberd!
The adder bites you but does no damage.
You miss the adder. The gnoll closely misses you.
The adder bites you but does no damage. The gnoll closely misses you.
You sock the adder!
The adder is almost dead.
The adder bites you.
You are poisoned.
The adder poisons you! The adder barely misses you.
The gnoll hits you from afar with a +0 halberd!
You sock the adder!
You kill the adder!
You feel sick. The gnoll closely misses you.
You feel sick. The gnoll hits you with a +0 halberd!
* * * LOW HITPOINT WARNING * * *
Things that are here:
a +0 halberd; an adder corpse You barely miss the gnoll.
You feel sick. The gnoll hits you with a +0 halberd!
You die...

.##......# #.....##.###
.###.###'#####.#.##.#
.....##...####.#.##.# gg ##
#######........#..#.# . .
#...........#.# .##.#
####.....#....# ..#.
#####.#.#..# #.. #.#g#..#
#.# #####.#@#.g######.# ###
#.....#)###.....g.# #....#
#.#####.# #.......+
###....###.# #.# #.......#
..#....+.#.#......##########
..#....#.#.#......#
..###......#......#
.......#.#######'##
..##.###.# #.#


You could see a gnoll.

Vanquished Creatures
  A centaur (D:3)
  An orc priest (D:2)
  5 adders
  2 gnolls (D:3)
  A river rat (D:3)
  2 dart slugs (D:1)
  4 orcs (D:2)
  2 ball pythons
  2 bats
  4 endoplasms
  5 giant cockroaches
  3 goblins
  8 hobgoblins
  2 jackals (D:3)
  4 quokkas
  7 frilled lizards
  5 kobolds
  6 rats
64 creatures vanquished.

Notes
Turn   | Place    | Note
-------+----------+-------------------------------------------
     0 | D:1      | mcbry74 the Troll Gladiator began the quest for the Orb.
     0 | D:1      | Reached XP level 1. HP: 19/19 MP: 0/0
   142 | D:1      | Found a faded altar of an unknown god.
   150 | D:1      | Became a worshipper of Xom of Many Doors
   181 | D:1      | Found Kesk's Armour Boutique.
   187 | D:1      | Reached skill level 3 in Maces & Flails
   409 | D:1      | Reached XP level 2. HP: 27/27 MP: 1/1
   963 | D:2      | Reached XP level 3. HP: 23/33 MP: 2/2
   987 | D:2      | Reached skill level 4 in Maces & Flails
   993 | D:2      | Reached XP level 4. HP: 25/41 MP: 3/3
  1047 | D:2      | XOM: potion effect (curing)
  1406 | D:2      | Found a shimmering blue altar of Sif Muna.
  1480 | D:2      | Reached skill level 5 in Maces & Flails
  1622 | D:2      | XOM: silly message
  1973 | D:3      | XOM: cloud trail
  2013 | D:3      | Paralysed by you for 4 turns
  2093 | D:3      | Reached XP level 5. HP: 48/48 MP: 4/4
  2111 | D:3      | Noticed a centaur
  2117 | D:3      | Killed a centaur
  2216 | D:3      | Found a burning altar of Makhleb.
  2428 | D:3      | Found Vitiamow's Magic Scroll Emporium.
  2457 | D:3      | Reached skill level 6 in Maces & Flails
  2468 | D:3      | Mangled by a gnoll

Illustrated notes

Levels and vault maps discovered:
D:1:      dpeg_arrival_rooms_a, layout_basic,
          hellmonk_ecumenical_altar_slurped_away, serial_shops,
          nicolae_shop_crystal, chequers_serial_rivers_micro_d,
          grunt_decor_clamped
D:2:      layout_loops_corners, basic_altar, kennysheep_generic_room_9
D:3:      layout_basic, lightli_temple_of_fire, serial_shops, shop_fountains,
          minmay_misc_feat_rows, roderic_nine_men_s_morris,
          kennysheep_generic_room_11

Skill      XL: |  1  2  3  4  5 |
---------------+----------------+-----
Maces & Flails | 3 4 5 6 |  6.1
Fighting       | |  1.5
Throwing       | |  1.7
Dodging        | |  2.4

Action                   |  1- 3 |  4- 6 || total
-------------------------+-------+-------++-------
Melee: Flail             |    52 |   149 ||   201
       Unarmed           |       |     1 ||     1
Throw: Throwing net      |       |     1 ||     1
 Stab: Held in net/web   |       |     2 ||     2
Armor: Robe              |    14 |    41 ||    55
       Skin              |       |    12 ||    12
Dodge: Dodged            |    20 |   107 ||   127
